 Dungeon Crawl Stone Soup version 0.32-a0-799-g95e1662365 (webtiles) character file.

Game seed: 16431995096082253813

35 adelrune the Chopper (level 3, -6/28 HPs)
             Began as a Demonspawn Gladiator on Mar 22, 2024.
             Mangled by a scorpion (7 damage)
             ... on level 4 of the Dungeon.
             The game lasted 00:02:18 (763 turns).

adelrune the Chopper (Demonspawn Gladiator)          Turns: 763, Time: 00:02:19

Health: -6/28      AC:  4    Str: 16    XL:     3   Next: 17%
Magic:  3/3        EV: 11    Int:  8    God:
Gold:   15         SH:  0    Dex: 14    Spells: 2/2 levels left

rFire   . . .        a - +0 war axe
rCold   . . .        (no shield)
rNeg    . . .        b - +0 leather armour
rPois   .            c - +0 helmet
rElec   .            (no cloak)
rCorr   .            (no gloves)
SInv    .            (no boots)
Will    .....        (no amulet)
Stlth   +            (no ring)
HPRegen 0.24/turn    (no ring)
MPRegen 0.08/turn

%: no passive effects
@: lethally poisoned (-6 -> -10)
A: demonic guardian 1
a: no special abilities


You were on level 4 of the Dungeon.
You visited 1 branch of the dungeon, and saw 3 of its levels.

You collected 15 gold pieces.

Inventory:

Hand Weapons
 a - a +0 war axe (weapon)
Missiles
 d - 3 throwing nets (quivered)
 e - a javelin
Armour
 b - a +0 leather armour (worn)
 c - a +0 helmet (worn)
Jewellery
 m - a ring of ice
Scrolls
 j - a scroll of identify {unknown}
 k - a scroll of brand weapon {unknown}
 l - a scroll of enchant armour {unknown}
Potions
 f - a potion of berserk rage {unknown}
 g - a potion of resistance {unknown}
 h - a potion of lignification {unknown}
 i - a potion of invisibility {unknown}


   Skills:
 + Level 2.4 Fighting
 * Level 3.3 Axes
 - Level 1.7 Throwing
 + Level 1.1 Armour
 - Level 2.6 Dodging


You had 2 spell levels left.
You didn't know any spells.
Your spell library contained the following spells:

 Spells                   Type           Power      Damage    Failure   Level
 Slow                     Hex            0%         N/A       47%         1
 Confusing Touch          Hex            0%         N/A       85%         3
 Vampiric Draining        Necr           0%         2d6       85%         3


Dungeon Overview and Level Annotations

Branches:
Dungeon (2/15)

Altars:


Innate Abilities, Weirdness & Mutations

A weak demonic guardian rushes to your aid.


Message History

Found a scroll labelled KOTASIRGH BYMIN.
The endoplasm quivers.
The endoplasm freezes you.
You are frozen.
* * * LOW HITPOINT WARNING * * *
The scorpion barely misses your shadow imp.
Your shadow imp barely misses the scorpion.
You slash the endoplasm!
You kill the endoplasm!
The scorpion closely misses your shadow imp.
Your shadow imp hits the scorpion but does no damage.
Your shadow imp barely misses the scorpion.
The scorpion misses your shadow imp.
Found a metallic white potion.
The scorpion barely misses your shadow imp.
Your shadow imp hits the scorpion but does no damage.
The scorpion stings your shadow imp.
Your shadow imp dies!
Your shadow imp disappears in a puff of smoke!
You see here a scroll labelled KOTASIRGH BYMIN.
You see here a metallic white potion.
Found a stone staircase leading down.
An endoplasm comes into view.
A dart slug comes into view.
You closely miss the scorpion.
The scorpion is lightly wounded.
The scorpion stings you.
* * * LOW HITPOINT WARNING * * *
You are lethally poisoned!
The scorpion poisons you!
You hit the scorpion.
The scorpion is moderately wounded.
* * * LOW HITPOINT WARNING * * *
You feel very sick. The scorpion misses you. x2
You slash the scorpion!
The scorpion is almost dead.
* * * LOW HITPOINT WARNING * * *
You feel sick. The scorpion stings you!
You die...

.....#.###.# #.
#...>##.########.
#................
###.w##.....!...?
#J.############
##..# ##.#..#
##.##..# #.@sJ..#
#.####..# # #..#
#...# #.#.# #..#.
#.# #. #. ##


You could see a scorpion and an endoplasm.

Vanquished Creatures
  2 dart slugs (D:1)
  A ball python (D:1)
  3 bats (D:1)
  3 endoplasms
  2 giant cockroaches
  A goblin (D:1)
  4 hobgoblins
  2 quokkas (D:1)
  3 kobolds
  2 rats
23 creatures vanquished.

Vanquished Creatures (collateral kills)
  3 ball pythons
  A kobold (D:1)
4 creatures vanquished.

Grand Total: 27 creatures vanquished

Notes
Turn   | Place    | Note
-------+----------+-------------------------------------------
     0 | D:1      | adelrune the Demonspawn Gladiator began the quest for the
                  | Orb.
     0 | D:1      | Reached XP level 1. HP: 16/16 MP: 1/1
    48 | D:1      | Reached skill level 3 in Axes
    50 | D:1      | Gained mutation: A weak demonic guardian rushes to your
                  | aid. [demonic ancestry]
    50 | D:1      | Reached XP level 2. HP: 3/22 MP: 2/2
   433 | D:1      | Reached skill level 1 in Armour
   572 | D:1      | Reached XP level 3. HP: 28/28 MP: 3/3
   676 | D:2      | You fall into a shaft and drop 2 floors!
   678 | D:4      | Noticed a steam dragon
   679 | D:4      | Noticed a scorpion
   719 | D:4      | Noticed an ogre
   763 | D:4      | HP: 1/28 [poisoned by a scorpion]
   763 | D:4      | Mangled by a scorpion

Illustrated notes

Levels and vault maps discovered:
D:1:      minmay_arrival_shoal_huts, layout_rooms
D:2:      layout_rooms, minmay_diced_spiral
D:4:      layout_loops_ring, gammafunk_ghost_stat_death, grunt_ministairs_15,
          hangedman_feature_mirror

Skill      XL: |  1  2 |
---------------+-------+-----
Axes           | 3 |  3.3
Armour         | 1 |  1.1
Fighting       | |  2.4
Throwing       | |  1.7
Dodging        | |  2.6

Action                     || total
---------------------------++-------
  Melee: War axe           ||    73
 Armour: Leather armour    ||    57
  Dodge: Dodged            ||    61

Table legend: (Time is in decaauts)
 A = Elapsed time spent in this place.
 B = Non-inter-level travel time spent in this place.
 C = Inter-level travel time spent in this place.
 D = Time resting spent in this place.
 E = Time spent auto-exploring this place.
 F = Levels seen in this place.
 G = Mean time per level.
                   A        B        C        D        E       F      G
               +--------+--------+--------+--------+--------+-----+--------+
         Total |    792 |    772 |     20 |     90 |    403 |   3 |  264.0 |
       Dungeon |    792 |    772 |     20 |     90 |    403 |   3 |  264.0 |
               +--------+--------+--------+--------+--------+-----+--------+

Top non-repeatable levels by time:
     D:1: 668 daAuts
     D:4: 89 daAuts
     D:2: 35 daAuts
